 Dungeon Crawl Stone Soup version 0.28.0 (webtiles) character file.

Game seed: 1829269396407741089

1159 pkoi the Cleaver (level 8, -2/105 HPs)
             Began as a Minotaur Gladiator on Feb 4, 2022.
             Was an Initiate of Gozag.
             Slain by a killer bee (5 damage)
             ... on level 5 of the Dungeon.
             The game lasted 00:05:11 (6237 turns).

pkoi the Cleaver (Minotaur Gladiator)               Turns: 6237, Time: 00:05:12

Health: -2/105     AC: 12    Str: 21    XL:     8   Next: 16%
Magic:  7/7        EV:  7    Int:  5    God:    Gozag
Gold:   326        SH:  0    Dex: 12    Spells: 7/7 levels left

rFire   + . .      SeeInvis .   a - +0 war axe
rCold   + . .      Faith    .   (no shield)
rNeg    . . .      Spirit   .   v - +0 plate armour
rPois   +          Reflect  .   c - +0 hat
rElec   +          Harm     .   (no cloak)
rCorr   +          Rampage  .   (no gloves)
Will    .....                   (no boots)
Stlth   ..........              (no amulet)
HPRegen 0.27/turn               (no ring)
MPRegen 0.10/turn               (no ring)

@: berserking, resistant, gold aura, very quick
A: horns 2, retaliatory headbutt
a: Renounce Religion, Potion Petition, Call Merchant, Bribe Branch


You were on level 5 of the Dungeon.
You worshipped Gozag.
Gozag was aware of your devotion.
You visited 2 branches of the dungeon, and saw 6 of its levels.
You also visited: Sewer.

You collected 431 gold pieces.
You spent 60 gold pieces at shops.
You paid 45 gold pieces to Gozag.

Inventory:

Hand Weapons
 a - a +0 war axe (weapon)
 f - a +0 whip of venom
 r - a +4 dagger
Missiles
 d - 2 throwing nets (quivered)
 s - 8 poisoned darts
Armour
 c - a +0 hat (worn)
 v - a +0 plate armour (worn)
Jewellery
 g - a ring of wizardry
Wands
 j - a wand of acid (7)
Scrolls
 b - a scroll of identify
 h - 2 scrolls of vulnerability {unknown}
 k - a scroll of silence {unknown}
 n - a scroll of teleportation {unknown}
 t - a scroll of magic mapping {unknown}
 u - a scroll of blinking {unknown}
Potions
 m - 4 potions of heal wounds
 o - 3 potions of curing
 p - a potion of brilliance {unknown}
 q - 2 potions of flight


   Skills:
 + Level 6.2 Fighting
 * Level 9.0 Axes
 - Level 2.0 Throwing
 + Level 5.5 Armour
 - Level 3.2 Dodging
 + Level 0.8 Evocations


You had 7 spell levels left.
You didn't know any spells.
Your spell library contained the following spells:

 Spells                   Type           Power      Damage    Failure   Level
 Foxfire                  Conj/Fire      0%         2x1d4     100%        1
 Conjure Flame            Conj/Fire      0%         6-21      100%        3
 Inner Flame              Hex/Fire       0%         N/A       100%        3
 Flame Wave               Conj/Fire      0%         2d4       100%        4
 Iskenderun's Battlesphe  Conj           0%         2d6       100%        5
 Iron Shot                Conj/Erth      0%         9d1       100%        6
 Spellforged Servitor     Conj/Summ      0%         N/A       100%        7


Dungeon Overview and Level Annotations

Branches:
Dungeon (5/15)             Temple (1/1) D:4           Sewer (visited)

Altars:
Cheibriados
Dithmenos
Elyvilon
Fedhas
Gozag
Hepliaklqana
Kikubaaqudgha
Makhleb
Nemelex Xobeh
Okawaru
Qazlal
Ru
Sif Muna
Trog
Uskayaw
Vehumet
Wu Jian
Xom
Yredelemnul
Zin
The Shining One

Shops:
D:4 *


Innate Abilities, Weirdness & Mutations

You have a pair of horns on your head.
You reflexively headbutt those who attack you in melee.


Message History

* * * LOW HITPOINT WARNING * * *
The killer bee stings you but does no damage.
The killer bee stings you.
* * * LOW HITPOINT WARNING * * *
The killer bee stings you but does no damage.
The killer bee barely misses you. The killer bee stings you.
* * * LOW HITPOINT WARNING * * *
The killer bee stings you but does no damage.
The killer bee barely misses you. You furiously retaliate!
You headbutt the killer bee!
The killer bee stings you but does no damage.
The killer bee stings you.
* * * LOW HITPOINT WARNING * * *
Unknown command.
You closely miss the killer bee. You headbutt the killer bee!
You kill the killer bee!
You closely miss the killer bee. x2; You slash the killer bee!
You kill the killer bee!
You barely miss the killer bee. The killer bee stings you!
* * * LOW HITPOINT WARNING * * *
The killer bee stings you but does no damage.
The killer bee stings you.
* * * LOW HITPOINT WARNING * * *
Your Axes skill increases to level 9!
Unknown command.
You closely miss the killer bee. You barely miss the killer bee.
You miss the killer bee. You closely miss the killer bee.
The killer bee stings you but does no damage. x3
The killer bee barely misses you.
Unknown command.
You miss the killer bee. You headbutt the killer bee!
The killer bee is severely wounded.
You barely miss the killer bee. You miss the killer bee.
You slash the killer bee! The killer bee barely misses you. x2
The killer bee stings you but does no damage. x2
The killer bee stings you.
* * * LOW HITPOINT WARNING * * *
The killer bee stings you.
You die...
Your body crumbles into a pile of gold.

...######......##.#
..........#...<##.#
..........#######.#
..........# #.#.#
...####'#.#######.#.#
#
...####.#....##...#.#
.#
###......###.##...#.#
.# #......# #.##..≈≈.#
.. #......#
#...y@$♣y#y###
#......#
##♣≈yyy♣≈y...#
#......###≈P.≈.≈≈♣♣##
#......≈≈♣P≈≈≈..≈≈≈♣
#.....♣≈≈P≈≈...≈≈P≈♣
###.....≈≈≈≈≈≈.≈..P≈≈♣
......#.♣P≈≈P≈P..≈P≈≈♣
......#.♣≈≈P≈≈♣≈..≈P≈♣
........♣≈≈≈≈≈P....≈≈♣


You could see 4 killer bees.

Vanquished Creatures
  An orc warrior (D:5)
  A black bear (D:3)
  3 ogres
  2 phantoms
  A kobold brigand (Sewer)
  A bullfrog (D:4)
  A scorpion (D:4)
  2 killer bees (D:5)
  A bullfrog zombie (D:5)
  A bullfrog skeleton (D:5)
  A hound (D:5)
  A hound skeleton (D:4)
  A howler monkey zombie (D:5)
  6 adders
  3 worms
  4 dart slugs
  6 orcs
  7 bats
  10 endoplasms
  2 giant cockroaches
  10 goblins
  7 hobgoblins
  2 jackals (Sewer)
  3 quokkas
  6 ball pythons
  8 frilled lizards (D:1)
  15 kobolds
  11 rats
117 creatures vanquished.

Vanquished Creatures (others)
  6 plants (D:5)
6 creatures vanquished.

Grand Total: 123 creatures vanquished

Notes
Turn   | Place    | Note
-------+----------+-------------------------------------------
     0 | D:1      | pkoi the Minotaur Gladiator began the quest for the Orb.
     0 | D:1      | Reached XP level 1. HP: 18/18 MP: 0/0
    52 | D:1      | Reached skill level 4 in Axes
    54 | D:1      | Reached XP level 2. HP: 14/25 MP: 1/1
   329 | D:1      | Reached skill level 1 in Armour
   660 | D:1      | Reached XP level 3. HP: 25/31 MP: 2/2
  1016 | D:1      | Found a faded altar of an unknown god.
  1538 | D:2      | Reached XP level 4. HP: 38/38 MP: 3/3
  1540 | D:2      | Reached skill level 5 in Axes
  2272 | D:3      | Noticed a black bear
  2280 | D:3      | HP: 1/39 [black bear (7)]
  2281 | D:3      | Killed a black bear
  2282 | D:3      | Reached XP level 5. HP: 2/46 MP: 4/4
  3019 | D:4      | Found Koon's General Store.
  3022 | D:4      | Bought a potion of heal wounds for 60 gold pieces
  3034 | D:4      | Reached skill level 6 in Axes
  3035 | D:4      | Noticed an ogre
  3042 | D:4      | Killed an ogre
  3043 | D:4      | Reached XP level 6. HP: 52/53 MP: 5/5
  3321 | D:4      | Reached skill level 7 in Axes
  3533 | D:4      | Found a staircase to the Ecumenical Temple.
  3545 | Temple   | Entered the Ecumenical Temple
  3733 | Temple   | Became a worshipper of Gozag Ym Sagoz the Greedy
  3868 | D:4      | Reached skill level 5 in Fighting
  3868 | D:4      | Reached XP level 7. HP: 61/61 MP: 6/6
  4708 | D:5      | Entered Level 5 of the Dungeon
  4761 | D:5      | Found a glowing drain.
  4789 | Sewer    | Entered a sewer
  5077 | Sewer    | Reached skill level 8 in Axes
  5371 | Sewer    | Found a white marble altar of Elyvilon.
  5601 | D:5      | Reached skill level 5 in Armour
  5807 | D:5      | Found an iron altar of Okawaru.
  5833 | D:5      | Reached XP level 8. HP: 70/70 MP: 7/7
  6236 | D:5      | Reached skill level 9 in Axes
  6237 | D:5      | HP: 3/105 [killer bee (4)]
  6237 | D:5      | Slain by a killer bee

Illustrated notes

Levels and vault maps discovered:
D:1:      saegor_arrival_simple_d, layout_loops_ring,
          shapermc_ecumenical_altar_hornbeckon, minmay_lizard_pond
D:2:      layout_loops_cross, minmay_misc_feat_iff, minmay_split_cup_large
D:3:      layout_basic
D:4:      layout_loops_corners, minmay_temple_entry_junction, serial_rivers,
          chequers_serial_rivers_large_b, chequers_serial_rivers_micro_b,
          chequers_serial_rivers_small_a, chequers_serial_rivers_micro_c,
          serial_shops, nicolae_stop_n_shop_2
D:5:      layout_basic, portal_sewer_entry_a, chequers_jeans,
          kennysheep_flooded_box, serial_bayou_ford_a
Temple:   kilobyte_greek_temple

Skill      XL: |  1  2  3  4  5  6  7  8 |
---------------+-------------------------+-----
Axes           | 4 5 6 7 8 9 |  9.0
Armour         | 1 2 3 4 5 |  5.5
Fighting       | 3 4 5 6 |  6.2
Throwing       | |  2.0
Dodging        | |  3.2
Evocations     | |  0.8

Action                   |  1- 3 |  4- 6 |  7- 9 || total
-------------------------+-------+-------+-------++-------
Melee: War axe           |    71 |    81 |    89 ||   241
       Headbutt          |    13 |    15 |    18 ||    46
       Punch             |     1 |       |     1 ||     2
Throw: Throwing net      |       |     1 |       ||     1
  Use: Scroll            |     3 |       |       ||     3
       Potion            |       |     3 |     3 ||     6
 Stab: Held in net/web   |       |     1 |       ||     1
       Distracted        |       |       |     2 ||     2
Armor: Leather armour    |    21 |     2 |       ||    23
       Chain mail        |       |    43 |    22 ||    65
       Plate armour      |       |       |    40 ||    40
Dodge: Dodged            |    59 |    36 |    32 ||   127
